 Dungeon Crawl Stone Soup version 0.30-a0-528-g8c47a4955b (webtiles) character file.

Game seed: 8918908467545921125

31717 Crownlay the Basher (level 13, -9/118 HPs)
             Began as a Minotaur Hunter on Dec 23, 2022.
             Was a Priest of Okawaru.
             Mangled by an azure jelly (34 damage)
             ... in an ice cave.
             The game lasted 00:32:32 (11538 turns).

Crownlay the Basher (Minotaur Hunter)              Turns: 11538, Time: 00:32:33

Health: -9/118     AC: 21    Str: 17    XL:     13   Next: 27%
Magic:  29/30      EV: 11    Int:  6    God:    Okawaru [***...]
Gold:   829        SH:  0    Dex: 18    Spells: 12/12 levels left

rFire   + + +      SeeInvis .    t - +10 mace "Feph" {holy, Contam rElec rF+++ Stlth+}
rCold   . . .      Faith    .    (no shield)
rNeg    . . .      Spirit   .    u - +6 chain mail "Cokihoef" {rCorr MP+9}
rPois   .          Reflect  .    (helmet restricted)
rElec   +          Harm     .    j - +0 cloak
rCorr   +          Rampage  .    (no gloves)
Will    .....                    v - +0 pair of boots
Stlth   +                        I - amulet of regeneration
HPRegen 1.19/turn                D - ring of protection from fire
MPRegen 0.22/turn                (no ring)

@: heroic
A: horns 2, retaliatory headbutt
a: Renounce Religion, Heroism


You were in an ice cave.
You worshipped Okawaru.
Okawaru was most pleased with you.
You visited 2 branches of the dungeon, and saw 13 of its levels.
You also visited: Ice Cave.

You collected 839 gold pieces.
You spent 10 gold pieces at shops.

Inventory:

Hand Weapons
 t - the +10 mace "Feph" (weapon) {holy, Contam rElec rF+++ Stlth+}
   (You found it on level 3 of the Dungeon)

   It has been blessed by the Shining One to cause great damage to the undead
   and demons.
   rF:        It renders you almost immune to fire.
   rElec:     It insulates you from electricity.
   Contam:    It causes magical contamination when unequipped.
   Stlth:     It makes you more stealthy.
 M - a +2 longbow of flaming
Missiles
 a - 5 javelins
 n - 3 boomerangs of dispersal
 z - 3 throwing nets
 E - 5 silver javelins
 J - 7 atropa-tipped darts
Armour
 j - a +0 cloak (worn)
 u - the +6 chain mail "Cokihoef" (worn) {rCorr MP+9}
   (You found it on level 3 of the Dungeon)

   MP:        It affects your magic capacity (+9).
   rCorr:     It protects you from acid and corrosion.
 v - a +0 pair of boots (worn)
Jewellery
 D - a ring of protection from fire (left hand)
 I - an amulet of regeneration (around neck)
Wands
 i - a wand of acid (12)
 q - a wand of polymorph (11)
 x - a wand of digging (8)
 y - a wand of roots (15)
 G - a wand of paralysis (4)
Scrolls
 b - 4 scrolls of immolation
 c - 3 scrolls of amnesia
 d - a scroll of poison {unknown}
 f - 2 scrolls of enchant weapon
 l - 2 scrolls of magic mapping
 m - 2 scrolls of enchant armour
 o - 5 scrolls of teleportation
 s - 3 scrolls of blinking
 w - 4 scrolls of fog
 F - a scroll of brand weapon {unknown}
Potions
 e - 9 potions of curing
 g - 2 potions of flight {unknown}
 h - 7 potions of attraction
 k - 2 potions of invisibility {unknown}
 p - 3 potions of might
 r - 2 potions of heal wounds
 A - 4 potions of brilliance
 B - 4 potions of haste
 C - 3 potions of mutation
 H - a potion of cancellation {unknown}
 L - 2 potions of resistance {unknown}


   Skills:
 - Level 12.0(17.0) Fighting
 * Level 13.9(18.9) Maces & Flails
 - Level 7.0(12.0) Ranged Weapons
 - Level 8.0(13.0) Throwing
 - Level 8.0(13.0) Armour
 - Level 2.1(7.1) Dodging
 - Level 0.7(5.7) Stealth
 - Level 12.0 Invocations
 + Level 4.1 Evocations


You had 12 spell levels left.
You didn't know any spells.
Your spell library contained the following spells:

 Spells                   Type           Power      Damage    Failure   Level
 Beastly Appendage        Tmut           0%         N/A       98%         1
 Sting                    Tmut/Pois      0%         1d3       98%         1
 Poisonous Vapours        Pois/Air       0%         N/A       99%         2
 Wereblood                Tmut           0%         N/A       99%         2
 Spider Form              Tmut/Pois      0%         N/A       100%        3
 Olgreb's Toxic Radiance  Pois           0%         N/A       100%        4
 Passage of Golubria      Tloc           0%         N/A       100%        4
 Borgnjor's Vile Clutch   Necr/Erth      0%         N/A       100%        5
 Silence                  Hex/Air        0%         N/A       100%        5
 Lehudib's Crystal Spear  Conj/Erth      0%         10d2      100%        8
 Animate Dead             Necr           Unusable   N/A       N/A         4
 Death Channel            Necr           Unusable   N/A       N/A         6

Dungeon Overview and Level Annotations

Branches:
Dungeon (11/15)            Temple (0/1) D:6            Lair (2/5) D:11
 Spider (0/4) Lair:2          Orc (0/2) D:9           IceCv (1/1)
  Swamp: Lair:2-3    Shoals: Lair:2-3

Altars:
Ashenzari
Dithmenos
Gozag
Hepliaklqana
Kikubaaqudgha
Makhleb
Nemelex Xobeh
Okawaru
Qazlal
Sif Muna
Trog
Uskayaw
Vehumet
Yredelemnul
Zin

Shops:
D:1 ?   D:6 :

Annotations:
D:9 3 runed translucent doors, kae's ghost, novice SpEn
D:10 2 transporters
Lair:1 exclusion: oklob plant


Innate Abilities, Weirdness & Mutations

You have a pair of horns on your head.
You reflexively headbutt those who attack you in melee.


Message History

No target in view!
You feel like a meek peon again.
An azure jelly comes into view.
Found a viscous altar of Jiyva.
The azure jelly quivers.
The azure jelly moves out of view.
A slime creature comes into view.
The slime creature quivers.
You gain the combat prowess of a mighty hero.
Okay, then.
You sock the azure jelly! Your headbutt misses the azure jelly.
The azure jelly is lightly wounded.
You sock the azure jelly!
The azure jelly is lightly wounded.
The azure jelly closely misses you. You furiously retaliate!
You headbutt the azure jelly!
The azure jelly hits you but does no damage. x3
You bludgeon the azure jelly!!
The azure jelly is heavily wounded.
The azure jelly hits you. The azure jelly freezes you!!
The azure jelly hits you but does no damage. x3
You hit the azure jelly. You headbutt the azure jelly!
The azure jelly is severely wounded.
The azure jelly hits you. The azure jelly freezes you!!
The azure jelly hits you but does no damage.
The azure jelly hits you. x2
You sock the azure jelly!
The azure jelly is severely wounded.
The azure jelly hits you. The azure jelly freezes you!!!
* * * LOW HITPOINT WARNING * * *
The azure jelly hits you but does no damage.
The azure jelly hits you.
* * * LOW HITPOINT WARNING * * *
The azure jelly barely misses you.
You feel much better.
The azure jelly hits you but does no damage.
The azure jelly hits you.
* * * LOW HITPOINT WARNING * * *
The azure jelly freezes you!!
You die...

#.......# ##.......##
....#...###...#.#...#
..#.##..##....#.#...#
.##.##..##....#.##..#
##|[##..##...##.##..#
# )?#...##...#...#..#
#..##.......##......#
#....##..##......#
##..####..##..@...#
#...# #..##JJ....#
#..## #..##.##..##
#..# ##..##..##.#
#..## #..###..####
##..###..###...#
#..##...##.J..#
#...#...##.....#
#.......#.......#


You could see an azure jelly and a slime creature.

Vanquished Creatures
  Gastronok (Lair:1)
  Harold (Lair:1)
  3 centaur warriors
  3 two-headed ogres
  Erica (D:8)
  2 boulder beetles (D:11)
  Nergalle (D:10)
  3 skeletal warriors (D:11)
  3 cyclopes
  3 manticores (D:11)
  A moth of wrath (D:10)
  An ice statue (IceCv)
  2 black mambas (Lair:1)
  2 gargoyles
  4 cane toads
  2 unseen horrors
  Maggie (D:7)
  A komodo dragon (Lair:2)
  5 trolls
  Grinder (D:4)
  A hornet (D:9)
  14 slime creatures (IceCv)
  4 blink frogs (Lair:1)
  A wyvern (D:7)
  3 shadows
  A basilisk (D:11)
  2 wraiths (D:11)
  39 yaks
  4 vampire mosquitoes (D:10)
  4 acid dragons (D:11)
  2 water moccasins
  Duvessa (D:7)
  A black bear (D:7)
  2 orc warriors (D:9)
  A great orb of eyes simulacrum (IceCv)
  6 wolves (Lair:1)
  4 ogres
  5 centaurs
  4 kobold brigands
  A gnoll sergeant (D:9)
  5 bullfrogs
  2 scorpions
  2 glowing shapeshifter simulacra (IceCv)
  5 wights (D:8)
  Dowan (D:7)
  4 killer bees (D:9)
  An electric eel (Lair:1)
  2 howler monkeys
  An orc priest (D:7)
  2 hounds (D:5)
  2 gnoll boudas (D:7)
  An iguana (D:6)
  Jessica (D:3)
  6 orc wizards
  4 shapeshifter simulacra (IceCv)
  11 adders
  14 gnolls
  A shadow imp (D:7)
  A white imp (D:6)
  4 worms
  A dart slug (D:1)
  29 orcs
  A bat (D:1)
  5 endoplasms
  3 giant cockroaches
  3 goblins
  4 hobgoblins
  2 jackals (D:4)
  2 quokkas
  8 ball pythons
  4 frilled lizards
  18 kobolds
  13 rats
304 creatures vanquished.

Vanquished Creatures (others)
  3 fungi
  2 plants
5 creatures vanquished.

Grand Total: 309 creatures vanquished

Notes
Turn   | Place    | Note
-------+----------+-------------------------------------------
     0 | D:1      | Crownlay the Minotaur Hunter began the quest for the Orb.
     0 | D:1      | Reached XP level 1. HP: 18/18 MP: 0/0
   129 | D:1      | Reached XP level 2. HP: 20/25 MP: 1/1
   218 | D:1      | Found Xyzu's Magic Scroll Boutique.
   226 | D:1      | Bought a scroll of noise for 10 gold pieces
   363 | D:1      | You fall into a shaft and drop 1 floor!
   389 | D:2      | Reached skill level 5 in Ranged Weapons
   397 | D:2      | Reached XP level 3. HP: 19/31 MP: 2/2
   747 | D:1      | Reached XP level 4. HP: 38/38 MP: 3/3
  1017 | D:3      | Noticed Jessica
  1029 | D:3      | Killed Jessica
  1105 | D:3      | Identified the +10 mace "Feph" {holy, Contam rElec rF+++
                  | Stlth+}
  1155 | D:3      | Identified the +6 chain mail "Cokihoef" {rCorr MP+9}
  1439 | D:3      | Found a glowing silver altar of Zin.
  1439 | D:3      | Found a stormy altar of Qazlal.
  1531 | D:3      | Found a faded altar of an unknown god.
  1535 | D:3      | Found a broken altar of Ashenzari.
  1593 | D:3      | Reached skill level 1 in Maces & Flails
  1593 | D:3      | Reached XP level 5. HP: 46/46 MP: 4/4
  1597 | D:3      | Found a faded altar of an unknown god.
  1795 | D:4      | Noticed Grinder
  1809 | D:4      | Killed Grinder
  1810 | D:4      | Reached skill level 3 in Maces & Flails
  1810 | D:4      | Reached XP level 6. HP: 45/55 MP: 5/5
  1975 | D:4      | Reached skill level 5 in Fighting
  1975 | D:4      | Reached skill level 4 in Maces & Flails
  2402 | D:5      | Entered Level 5 of the Dungeon
  2413 | D:5      | Found an iron altar of Okawaru.
  2417 | D:5      | Identified the +1 chain mail "Pabuma Qemmu" {Str+9 Int-3}
  2425 | D:5      | Became a worshipper of Warmaster Okawaru
  2486 | D:5      | Found an opulent altar of Gozag.
  2540 | D:5      | Reached XP level 7. HP: 32/61 MP: 6/6
  2732 | D:5      | Reached skill level 5 in Maces & Flails
  2732 | D:5      | Reached skill level 1 in Invocations
  2761 | D:5      | Noticed a +0 spear
  2766 | D:5      | Found a hide-covered altar of Uskayaw.
  2768 | D:5      | Noticed a +0 spear
  2768 | D:5      | Noticed a +0 falchion
  2768 | D:5      | Noticed a +0 dagger
  2768 | D:5      | Noticed a +0 short sword
  2938 | D:5      | Found a radiant altar of Vehumet.
  2968 | D:5      | Reached * piety under Okawaru
  3069 | D:5      | Reached skill level 6 in Maces & Flails
  3154 | D:5      | Noticed a +0 short sword
  3155 | D:5      | Noticed a +0 falchion
  3158 | D:5      | Noticed a +0 dagger
  3271 | D:6      | Reached skill level 1 in Armour
  3271 | D:6      | Reached XP level 8. HP: 67/70 MP: 9/9
  3341 | D:6      | Found Naiskia's Self-Improvement Boutique.
  3377 | D:6      | Found a staircase to the Ecumenical Temple.
  3953 | D:7      | Noticed Duvessa
  3953 | D:7      | Noticed Dowan
  3963 | D:7      | Killed Duvessa
  3965 | D:7      | Noticed a cyclops
  3970 | D:7      | Killed Dowan
  4116 | D:7      | Killed a cyclops
  4116 | D:7      | Reached ** piety under Okawaru
  4117 | D:7      | Reached skill level 7 in Maces & Flails
  4117 | D:7      | Reached skill level 5 in Invocations
  4117 | D:7      | Noticed Maggie
  4272 | D:7      | Killed Maggie
  4273 | D:7      | Reached XP level 9. HP: 57/79 MP: 12/12
  5325 | D:8      | Noticed a gargoyle
  5333 | D:8      | Killed a gargoyle
  5333 | D:8      | Reached *** piety under Okawaru
  5570 | D:8      | Reached skill level 5 in Armour
  5579 | D:8      | Reached skill level 8 in Maces & Flails
  5607 | D:8      | Noticed a troll
  5617 | D:8      | Killed a troll
  5807 | D:8      | Noticed a centaur warrior
  5822 | D:8      | Killed a centaur warrior
  5823 | D:8      | Reached XP level 10. HP: 65/88 MP: 15/15
  6104 | D:8      | Noticed Erica
  6114 | D:8      | Killed Erica
  6114 | D:8      | Reached **** piety under Okawaru
  6194 | D:8      | Found a shadowy altar of Dithmenos.
  6196 | D:8      | Found a burning altar of Makhleb.
  6337 | D:9      | Found a runed translucent gate.
  6339 | D:9      | Found a runed translucent gate.
  6339 | D:9      | Noticed a cyclops
  6339 | D:9      | Noticed kae's ghost (novice SpEn)
  6340 | D:9      | Found a runed translucent gate.
  6341 | D:9      | Noticed a boulder beetle
  6497 | D:9      | Found a sparkling altar of Nemelex Xobeh.
  6557 | D:9      | Found a staircase to the Orcish Mines.
  6744 | D:9      | Reached skill level 10 in Invocations
  7036 | D:9      | Found a shimmering blue altar of Sif Muna.
  7459 | D:10     | Entered Level 10 of the Dungeon
  7500 | D:10     | Found a transporter.
  7505 | D:10     | Noticed a death knight
  7671 | D:10     | Received a gift from Okawaru
  7742 | D:10     | Noticed a two-headed ogre
  7758 | D:10     | Killed a two-headed ogre
  7758 | D:10     | Reached ***** piety under Okawaru
  7759 | D:10     | Reached skill level 1 in Throwing
  7759 | D:10     | Reached XP level 11. HP: 97/97 MP: 17/17
  7769 | D:10     | Reached skill level 9 in Maces & Flails
  7814 | D:10     | Found a transporter.
  7818 | D:10     | Found an ancient bone altar of Kikubaaqudgha.
  7820 | D:10     | Noticed a death knight
  7821 | D:10     | Noticed a skeletal warrior
  7822 | D:10     | Found a basalt altar of Yredelemnul.
  8116 | D:10     | Noticed Nergalle
  8122 | D:10     | Paralysed by a kobold brigand for 3 turns
  8136 | D:10     | Killed Nergalle
  8136 | D:10     | Received a gift from Okawaru
  8183 | D:10     | Found a faded altar of an unknown god.
  8184 | D:10     | Found a hazy altar of Hepliaklqana.
  8232 | D:10     | Found a bloodstained altar of Trog.
  8381 | D:11     | Noticed a two-headed ogre
  8402 | D:11     | Killed a two-headed ogre
  8434 | D:11     | Received a gift from Okawaru
  8435 | D:11     | Reached skill level 10 in Fighting
  8435 | D:11     | Reached skill level 10 in Maces & Flails
  8463 | D:11     | Noticed a centaur warrior
  8463 | D:11     | Noticed a boulder beetle
  8489 | D:11     | Killed a centaur warrior
  8498 | D:11     | Killed a boulder beetle
  8646 | D:11     | Noticed a skeletal warrior
  8686 | D:11     | Killed a skeletal warrior
  8687 | D:11     | Reached skill level 5 in Throwing
  9010 | D:11     | Found a staircase to the Lair.
  9010 | D:11     | Noticed a two-headed ogre
  9038 | D:11     | Killed a two-headed ogre
  9039 | D:11     | Reached XP level 12. HP: 103/106 MP: 20/20
  9209 | D:11     | Received a gift from Okawaru
  9272 | D:11     | Reached skill level 11 in Maces & Flails
  9312 | D:11     | Noticed a centaur warrior
  9328 | D:11     | Noticed a boulder beetle
  9331 | D:11     | Killed a centaur warrior
  9649 | D:11     | Killed a boulder beetle
  9650 | D:11     | Reached skill level 1 in Evocations
  9796 | Lair:1   | Entered Level 1 of the Lair of Beasts
  9814 | Lair:1   | Reached skill level 12 in Maces & Flails
 10035 | Lair:1   | Received a gift from Okawaru
 10063 | Lair:1   | Noticed Gastronok
 10091 | Lair:1   | Killed Gastronok
 10091 | Lair:1   | Received a gift from Okawaru
 10515 | Lair:1   | Reached skill level 13 in Maces & Flails
 10706 | Lair:1   | Reached XP level 13. HP: 97/116 MP: 21/21
 10912 | Lair:2   | Noticed Harold
 10940 | Lair:1   | Killed Harold
 10940 | Lair:1   | Received a gift from Okawaru
 11039 | Lair:2   | Found a frozen archway.
 11050 | IceCv    | Entered an ice cave
 11524 | IceCv    | Found a viscous altar of Jiyva.
 11524 | IceCv    | Noticed an azure jelly
 11538 | IceCv    | Mangled by an azure jelly

Illustrated notes

Levels and vault maps discovered:
D:1:      tarquinn_simple_flora_water_e, layout_rooms, serial_shops, shop,
          minmay_statues_item, st_stairs_3, minmay_box_of_dots
D:2:      layout_rooms
D:3:      layout_basic, gammafunk_temple_overflow_wave,
          nicolae_overflow_ecumenical_swirl,
          hellmonk_ecumenical_altar_inner_sanctum, uniq_jessica
D:4:      layout_loops_ring, uniq_grinder
D:5:      layout_gridville, okawaru_gym_becter, old_standard_altar,
          nicolae_vehumet_altar_sigil, nicolae_uskayaw_en_pointe
D:6:      layout_loops_ring, minmay_temple_entry_stoned_glass,
          nicolae_shop_self_help
D:7:      layout_loops_cross, chequers_serial_rivers_micro_d, uniq_maggie,
          uniq_duvessa
D:8:      nicolae_cairo_tiling_large, layout_loops_cross,
          nicolae_overflow_hidden_temple, uniq_erica
D:9:      layout_roguey, lemuel_blue_sif_altar, old_standard_altar, orc_0_dummy,
          gammafunk_ghost_split
D:10:     layout_loops_ring, gammafunk_temple_of_torment,
          beargit_hepliaklqana_dungeon_heroes, tgw_trog, uniq_nergalle
D:11:     minmay_slanted_spiral_squares, layout_basic, minmay_bent
Lair:1:   layout_gridlike, lemuel_oklob_altar, uniq_gastronok
Lair:2:   layout_chaotic_city, spider_nest_entry_funnel_web,
          portal_ice_cave_entry_pillars_1, nicolae_quartered_pool_medium,
          nzn_sisyphean_effort, uniq_sonja, uniq_fannar, uniq_harold
IceCv:    ice_cave_hellmonk_azure_passage

Skill      XL: |  1  2  3  4  5  6  7  8  9 10 11 12 13 |
---------------+----------------------------------------+-----
Fighting       | 3 4 5 6 7 8 9 10 11 12 | 12.0
Ranged Weapons | 5 6 7 |  7.0
Maces & Flails | 1 3 4 6 7 8 10 13 | 13.9
Invocations    | 2 5 8 10 12 | 12.0
Armour         | 1 3 6 8 |  8.0
Throwing       | 1 6 7 8 |  8.0
Evocations     | 3 4 |  4.1
Dodging        | |  2.1
Stealth        | |  0.7

Action                   |  1- 3 |  4- 6 |  7- 9 | 10-12 | 13-15 || total
-------------------------+-------+-------+-------+-------+-------++-------
Melee: Unarmed           |       |     7 |       |       |       ||     7
       Mace              |       |    31 |   189 |   570 |   154 ||   944
       Headbutt          |       |     6 |    52 |   154 |    48 ||   260
       Punch             |       |     1 |     1 |    17 |    10 ||    29
 Fire: Shortbow          |   100 |    50 |       |       |       ||   150
Throw: Throwing net      |       |       |       |     3 |       ||     3
Invok: Heroism           |       |       |     3 |    23 |     9 ||    35
       Finesse           |       |       |       |     5 |       ||     5
Evoke: Wand              |       |       |    11 |    13 |       ||    24
  Use: Potion            |     1 |       |       |       |     1 ||     2
       Scroll            |       |     4 |     4 |     7 |     1 ||    16
 Stab: Paralysed         |       |       |       |    10 |       ||    10
       Held in net/web   |       |       |       |     2 |       ||     2
Armor: Leather armour    |    15 |       |       |       |       ||    15
       Chain mail        |       |    33 |   133 |   337 |    54 ||   557
Dodge: Dodged            |    30 |    29 |    58 |   202 |    47 ||   366

Table legend: (Time is in decaauts)
 A = Elapsed time spent in this place.
 B = Non-inter-level travel time spent in this place.
 C = Inter-level travel time spent in this place.
 D = Time resting spent in this place.
 E = Time spent auto-exploring this place.
 F = Levels seen in this place.
 G = Mean time per level.
                   A        B        C        D        E       F      G
               +--------+--------+--------+--------+--------+-----+--------+
         Total |  11429 |  11011 |    418 |    393 |   8089 |  14 |  816.4 |
       Dungeon |   9773 |   9402 |    371 |    211 |   7284 |  11 |  888.5 |
          Lair |   1199 |   1152 |     47 |     54 |    771 |   2 |  599.5 |
      Ice Cave |    456 |    456 |      0 |    128 |     34 |   1 |  456.0 |
               +--------+--------+--------+--------+--------+-----+--------+

Top non-repeatable levels by time:
    D:11: 1385 daAuts
     D:9: 1202 daAuts
  Lair:1: 1140 daAuts
     D:8: 1093 daAuts
     D:7: 981 daAuts
     D:6: 976 daAuts
    D:10: 880 daAuts
     D:5: 803 daAuts
     D:3: 750 daAuts
     D:4: 741 daAuts
     D:1: 565 daAuts
   IceCv: 456 daAuts
     D:2: 395 daAuts
  Lair:2: 59 daAuts
